 Dungeon Crawl Stone Soup version 0.23.1 (webtiles) character file.

Game seed: 17282289544012804296

30791 Kairos the Unseen (level 13, -1/65 HPs)
             Began as a Vine Stalker Assassin on Mar 17, 2019.
             Was an Elder of Uskayaw.
             Slain by a black mamba (24 damage)
             ... on level 6 of the Lair of Beasts.
             The game lasted 00:23:44 (15871 turns).

Kairos the Unseen (Vine Stalker Assassin)          Turns: 15871, Time: 00:23:45

Health: -1/65      AC: 16    Str: 16    XL:     13   Next: 54%
Magic:  0/18       EV: 14    Int: 11    God:    Uskayaw [****..]
Gold:   754        SH:  0    Dex: 23    Spells: 9/12 levels left

rFire    + . .     SeeInvis .   L - +1 dagger (drain)
rCold    + . .     Gourm    .   R - +0 shield
rNeg     . . .     Faith    +   y - +0 ring mail
rPois    .         Spirit   +   Q - +2 hat
rElec    .         Reflect  .   u - scarf {rC+ rF+}
rCorr    .         Harm     .   l - +0 pair of gloves
MR       +....                  (no boots)
Stlth    ++++++....             a - amulet of faith
HPRegen  1.00/turn              z - +4 ring of dexterity
MPRegen  0.16/turn              d - +6 ring of protection

@: lethally poisoned (-1 -> -1), about to teleport, sleeping
A: fangs 3, regeneration 2, magic shield, antimagic bite, no potion heal 3, rot
immunity
a: Stomp, Line Pass, Renounce Religion


You were on level 6 of the Lair of Beasts.
You worshipped Uskayaw.
Uskayaw was noncommittal.
You were hungry.

You visited 3 branches of the dungeon, and saw 18 of its levels.

You collected 754 gold pieces.

Inventory:

Hand Weapons
 b - a +0 blowgun
 E - a +4 dagger of freezing
 L - a +1 dagger of draining (weapon)
Missiles
 e - 65 poisoned needles
 f - 8 curare-tipped needles
 O - a throwing net (quivered)
Armour
 l - a +0 pair of gloves (worn)
 u - a scarf of resistance (worn)
 y - a +0 ring mail (worn)
 Q - a +2 hat (worn)
 R - a +0 shield (worn)
 Z - the +1 robe "Ynwuk" {SInv}
   (You found it on level 5 of the Lair of Beasts)

   It lets you see invisible.
Jewellery
 a - an amulet of faith (around neck)
 d - a +6 ring of protection (right hand)
 o - an uncursed ring of flight
 r - an uncursed ring of resist corrosion
 s - an uncursed ring of see invisible
 z - a +4 ring of dexterity (left hand)
 C - a cursed -2 ring of protection
 M - an uncursed ring of poison resistance
 S - an uncursed ring of fire
Wands
 h - a wand of acid (26)
 A - a wand of iceblast (30)
 G - a wand of digging (1)
 I - a wand of clouds (2)
 J - a wand of disintegration (18)
 W - a wand of flame (23)
Scrolls
 j - 4 scrolls of amnesia
 n - 4 scrolls of magic mapping
 p - 9 scrolls of teleportation
 q - 4 scrolls of remove curse
 w - a scroll of enchant armour
 x - 3 scrolls of blinking
 F - 4 scrolls of fear
 K - 2 scrolls of enchant weapon
 X - a scroll of immolation
Potions
 c - a potion of mutation
 i - a potion of curing
 k - 3 potions of berserk rage
 m - 2 potions of invisibility
 t - 3 potions of might
 v - 5 potions of degeneration {unknown}
 B - 5 potions of lignification {unknown}
 H - 5 potions of heal wounds {unknown}
 N - 5 potions of flight {unknown}
 T - 4 potions of ambrosia {unknown}
 V - 2 potions of haste {unknown}
Comestibles
 g - 30 rations


   Skills:
 + Level 6.5 Fighting
 + Level 8.9 Short Blades
 + Level 1.8 Throwing
 + Level 7.4 Armour
 + Level 6.2 Dodging
 + Level 16.6 Stealth
 + Level 5.4 Shields
 * Level 6.6 Invocations


You had 9 spell levels left.
You knew the following spells:

 Your Spells              Type           Power        Failure   Level  Hunger
a - Confuse               Hex            #.......     99%         3    ####...

Your spell library contained the following spells:

 Spells                   Type           Power        Failure   Level  Hunger
 Corona                   Hex            #......      91%         1    ##.....
 Blink                    Tloc           N/A          97%         2    ###....
 Ensorcelled Hibernation  Hex/Ice        #.....       97%         2    ###....
 Shroud of Golubria       Chrm/Tloc      #.........   97%         2    ###....
 Slow                     Hex            #.......     97%         2    ###....
 Dazzling Spray           Conj/Hex       #.....       99%         3    ####...
 Gell's Gravitas          Tloc           #.........   99%         3    ####...
 Inner Flame              Hex/Fire       #.......     99%         3    ####...
 Lesser Beckoning         Tloc           #.........   99%         3    ####...
 Portal Projectile        Hex/Tloc       #.....       99%         3    ####...
 Teleport Other           Tloc           #.......     99%         3    ####...
 Tukima's Dance           Hex            #.......     99%         3    ####...
 Cause Fear               Hex            #.........   100%        4    #####..
 Leda's Liquefaction      Hex/Erth       #.........   100%        4    #####..
 Passage of Golubria      Tloc           N/A          100%        4    #####..


Dungeon Overview and Level Annotations

Branches:
Dungeon (11/15)            Temple (1/1) D:4            Lair (6/6) D:11
 Shoals (0/4) Lair:3       Spider (0/4) Lair:3        Slime (0/5) Lair:6
    Orc (0/2) D:10

Altars:
Ashenzari
Cheibriados
Dithmenos
Elyvilon
Fedhas
Gozag
Hepliaklqana
Kikubaaqudgha
Makhleb
Nemelex Xobeh
Okawaru
Qazlal
Ru
Sif Muna
Trog
Uskayaw
Vehumet
Wu Jian
Xom
Yredelemnul
Zin
The Shining One

Annotations:
Lair:2 exclusion: 2 oklob plants


Innate Abilities, Weirdness & Mutations

You have razor-sharp teeth.
You heal very quickly.
When hurt, damage is shared between your health and your magic reserves.
Your bite disrupts and absorbs the magic of your enemies.
Potions cannot restore your health.
You are immune to rotting.


Message History

The black mamba poisons you! The yak barely misses you.
You are too injured to fight recklessly!
Unknown command.
You are too injured to fight recklessly!
Unknown command.
You are too injured to fight recklessly!
Unknown command.
Unknown command.
As you read the scroll of teleportation, it crumbles to dust.
You feel strangely unstable.
You feel sick. You block the black mamba's attack.
The black mamba bites you but does no damage.
The yak gores you but does no damage.
You feel sick. You block the black mamba's attack.
The yak is no longer sharing its pain.
The dream sheep shake their wool and sparkle.
You feel drowsy...
You fall asleep.
The black mamba barely misses you.
You can no longer merge with and destroy a victim.
You feel sick. The black mamba bites you!!
You die...

...###.†.##....## ..##
..#.##.P...P...# ..Y#...P
#####P.#.?..PP## ...##... #
#P.P##...#P# ##YYY$#..Y #
#...######## #....P.... # ##..#
### #....P.... ### #
#...#########.###......... ... #
###.##..P.#....##Y.YD..#..#... #
##....P.....@SYYYY...........
#####.##.#.P[.#.#.#Y.....#.+...#+
...#...#.#....########...#.#.....
......(.......#########P.#.#..#..
....##.....P...##..##.#....#..#.#
#.#####..#P..............#.#....#
### #####.####PP#..P...#.+#.#.+
### #####..P..#.......
##P....####...


You could see a five-headed hydra, a black mamba, a yak and 6 dream sheep.

Vanquished Creatures
  Nessos (Lair:6)
  Josephine (Lair:4)
  5 hydras
  A catoblepas (Lair:2)
  Erica (D:8)
  2 two-headed ogres
  Sonja (Lair:4)
  A black mamba (Lair:6)
  6 spiny frogs
  A torpor snail (Lair:4)
  8 komodo dragons
  A rime drake (Lair:5)
  3 trolls
  5 hippogriffs
  A snapping turtle (Lair:3)
  7 blink frogs
  A dream sheep (Lair:6)
  Sigmund (D:6)
  4 wraiths (Lair:4)
  2 redbacks
  5 wyverns
  Eustachio (D:4)
  Grum (D:9)
  21 yaks
  4 vampire mosquitoes (D:11)
  A soldier ant (D:11)
  Edmund (D:6)
  13 water moccasins
  2 orc warriors
  6 porcupines
  An ice beast (D:7)
  3 black bears
  3 phantoms
  2 necrophages
  5 ogres
  A sky beast (D:6)
  12 wolves
  5 centaurs
  11 crocodiles
  A big kobold (D:10)
  Blork the orc (D:4)
  14 bullfrogs
  A gnoll sergeant (D:6)
  3 scorpions
  5 killer bees (D:9)
  8 wights
  An electric eel (Lair:3)
  2 centaur zombies
  A crimson imp (D:6)
  3 jellies
  2 bullfrog zombies
  8 orc wizards
  4 orc priests
  A gnoll shaman (D:8)
  5 hounds
  3 centaur skeletons
  3 iguanas
  7 worker ants
  2 hound skeletons
  A worker ant zombie (D:9)
  21 gnolls
  12 adders
  A shadow imp (D:11)
  3 oozes
  An adder zombie (D:5)
  A worm (D:2)
  A dart slug (D:4)
  5 leopard geckos
  36 orcs
  5 giant cockroaches
  12 hobgoblins
  8 jackals
  20 kobolds
  2 quokkas
  2 ball pythons
  4 bats
  7 frilled lizards
  18 goblins
  3 leopard gecko skeletons
  A quokka skeleton (D:9)
  8 rats
  A plant (Lair:5)
399 creatures vanquished.

Vanquished Creatures (others)
  A bush (Lair:6)
  4 fungi
  13 plants
18 creatures vanquished.

Grand Total: 417 creatures vanquished

Notes
Turn   | Place    | Note
-------+----------+-------------------------------------------
     0 | D:1      | Kairos the Vine Stalker Assassin began the quest for the
                  | Orb.
     0 | D:1      | Reached XP level 1. HP: 11/11 MP: 2/2
    14 | D:1      | Reached skill level 5 in Stealth
   341 | D:1      | Reached XP level 2. HP: 15/15 MP: 3/3
  1341 | D:2      | Reached XP level 3. HP: 8/18 MP: 2/4
  1706 | D:2      | Reached skill level 6 in Stealth
  1932 | D:2      | Reached skill level 1 in Dodging
  2186 | D:2      | Gained mutation: Your natural rate of healing is unusually
                  | fast. [Vine Stalker growth]
  2186 | D:2      | Reached XP level 4. HP: 23/23 MP: 5/5
  3009 | D:3      | Found a stormy altar of Qazlal.
  3247 | D:4      | Noticed Eustachio
  3254 | D:4      | Killed Eustachio
  3254 | D:4      | Reached skill level 7 in Stealth
  3254 | D:4      | Reached XP level 5. HP: 24/27 MP: 4/6
  3254 | D:4      | Reached XP level 6. HP: 29/32 MP: 4/7
  3298 | D:4      | Noticed Blork the orc
  3302 | D:4      | Killed Blork the orc
  3302 | D:4      | Reached skill level 1 in Armour
  3870 | D:4      | Reached XP level 7. HP: 22/35 MP: 4/8
  4064 | D:4      | Found a staircase to the Ecumenical Temple.
  4082 | Temple   | Entered the Ecumenical Temple
  4507 | D:5      | Entered Level 5 of the Dungeon
  4563 | D:5      | Found a radiant altar of Vehumet.
  4696 | D:5      | Noticed a +4 dagger
  4697 | D:5      | Found a hide-covered altar of Uskayaw.
  4697 | D:5      | Noticed a +0 hand axe
  4701 | D:5      | Became a worshipper of Uskayaw the Reveler
  4722 | D:5      | Reached * piety under Uskayaw
  4726 | D:5      | Reached ** piety under Uskayaw
  4738 | D:5      | Reached skill level 8 in Stealth
  4751 | D:5      | Reached *** piety under Uskayaw
  4897 | D:5      | Gained mutation: You have razor-sharp teeth. [Vine Stalker
                  | growth]
  4897 | D:5      | Reached XP level 8. HP: 40/40 MP: 9/9
  5406 | D:6      | Reached **** piety under Uskayaw
  5410 | D:6      | Reached ***** piety under Uskayaw
  5447 | D:6      | Noticed Edmund
  5483 | D:6      | Killed Edmund
  5670 | D:6      | Noticed Sigmund
  5680 | D:6      | Reached skill level 5 in Short Blades
  5687 | D:6      | Reached skill level 9 in Stealth
  5865 | D:6      | Killed Sigmund
  5865 | D:6      | Reached XP level 9. HP: 42/45 MP: 10/10
  5900 | D:6      | Found a bloodstained altar of Trog.
  6741 | D:7      | Found a blossoming altar of Fedhas.
  6912 | D:7      | Reached skill level 10 in Stealth
  6990 | D:7      | Found an ornate altar of the Wu Jian Council.
  7260 | D:7      | Found a glowing silver altar of Zin.
  7260 | D:7      | Noticed an angel
  7614 | D:8      | Noticed Erica
  7627 | D:8      | Killed Erica
  7627 | D:8      | Reached skill level 11 in Stealth
  7627 | D:8      | Reached XP level 10. HP: 34/51 MP: 11/11
  7637 | D:8      | Found an iron altar of Okawaru.
  7663 | D:8      | Reached skill level 12 in Stealth
  8208 | D:8      | Noticed a two-headed ogre
  8214 | D:8      | Killed a two-headed ogre
  8214 | D:8      | Reached skill level 5 in Armour
  8380 | D:8      | Learned a level 3 spell: Confuse
  8705 | D:9      | Noticed a two-headed ogre
  8749 | D:9      | Killed a two-headed ogre
  8749 | D:9      | Reached skill level 13 in Stealth
  8793 | D:9      | Found a snail-covered altar of Cheibriados.
  8830 | D:9      | Noticed Grum
  8838 | D:9      | Killed Grum
  8841 | D:9      | Reached skill level 5 in Fighting
  8919 | D:9      | Reached XP level 11. HP: 27/55 MP: 12/12
  9380 | D:10     | Entered Level 10 of the Dungeon
  9603 | D:10     | Found a staircase to the Orcish Mines.
  9769 | D:10     | Reached skill level 14 in Stealth
  9811 | D:10     | Reached ****** piety under Uskayaw
 10117 | D:11     | Found a staircase to the Lair.
 10246 | D:11     | Reached skill level 1 in Shields
 10443 | D:11     | Reached skill level 1 in Invocations
 10918 | Lair:1   | Entered Level 1 of the Lair of Beasts
 10934 | Lair:1   | HP: 2/56 [spiny frog (8)]
 11369 | Lair:1   | Noticed a five-headed hydra
 11379 | Lair:1   | Killed a five-headed hydra
 11379 | Lair:1   | Reached skill level 5 in Dodging
 11379 | Lair:1   | Gained mutation: You heal very quickly. [Vine Stalker
                  | growth]
 11379 | Lair:1   | Reached XP level 12. HP: 58/60 MP: 15/15
 11380 | Lair:1   | Reached skill level 15 in Stealth
 12051 | Lair:2   | Noticed a catoblepas
 12059 | Lair:2   | Killed a catoblepas
 12755 | Lair:3   | Noticed an eight-headed hydra
 12775 | Lair:3   | Killed an eight-headed hydra
 12960 | Lair:3   | Noticed a four-headed hydra
 12996 | Lair:3   | Killed a four-headed hydra
 13021 | Lair:3   | Reached skill level 5 in Invocations
 13432 | Lair:3   | Found a hole to the Spider Nest.
 13561 | Lair:3   | Found a staircase to the Shoals.
 13604 | Lair:4   | Noticed Sonja
 13617 | Lair:4   | Killed Sonja
 13917 | Lair:4   | Noticed a six-headed hydra
 13955 | Lair:4   | HP: 3/61 [six-headed hydra (2)]
 13957 | Lair:4   | Killed a six-headed hydra
 13957 | Lair:4   | Reached skill level 16 in Stealth
 14105 | Lair:4   | Reached XP level 13. HP: 57/65 MP: 18/18
 14132 | Lair:4   | Noticed Josephine
 14142 | Lair:4   | Killed Josephine
 14158 | Lair:4   | You fall through a shaft for 2 floors!
 14158 | Lair:6   | Entered Level 6 of the Lair of Beasts
 14187 | Lair:6   | Noticed Nessos
 14192 | Lair:6   | Killed Nessos
 14226 | Lair:6   | Reached skill level 5 in Shields
 15317 | Lair:5   | Got a heavily jewelled robe
 15328 | Lair:5   | Identified the +1 robe "Ynwuk" {SInv} (You found it on
                  | level 5 of the Lair of Beasts)
 15707 | Lair:6   | Found a staircase to the Slime Pits.
 15871 | Lair:6   | Slain by a black mamba

Skill      XL: |  1  2  3  4  5  6  7  8  9 10 11 12 13 |
---------------+----------------------------------------+-----
Stealth        | 5 6 7 8 9 11 13 14 16 | 16.6
Short Blades   | 2 3 4 5 6 7 8 |  8.9
Fighting       | 2 3 4 5 6 |  6.5
Dodging        | 1 2 3 4 5 6 |  6.2
Armour         | 1 2 3 4 5 6 7 |  7.4
Shields        | 2 4 5 |  5.4
Invocations    | 3 5 6 |  6.6
Throwing       | |  1.8

Action                   |  1- 3 |  4- 6 |  7- 9 | 10-12 | 13-15 || total
-------------------------+-------+-------+-------+-------+-------++-------
Melee: Dagger            |    87 |   156 |   348 |   748 |   203 ||  1542
       Bite              |    17 |    42 |   114 |   310 |   114 ||   597
Evoke: Wand              |       |       |       |     1 |       ||     1
  Use: Potion            |     2 |       |       |     3 |       ||     5
       Scroll            |       |     5 |     2 |     1 |    11 ||    19
 Stab: Sleeping          |     7 |    10 |    28 |    35 |     6 ||    86
       Invisible         |     1 |       |       |       |       ||     1
       Distracted        |       |     1 |     1 |     5 |     1 ||     8
       Paralysed         |       |       |    17 |    48 |    14 ||    79
  Eat: Chunk             |     3 |     4 |     8 |    17 |     2 ||    34
       Ration            |       |     1 |     1 |     1 |     1 ||     4
Armor: Robe              |    17 |    13 |       |       |       ||    30
       Leather armour    |       |    34 |     4 |       |       ||    38
       Ring mail         |       |       |   114 |   276 |    37 ||   427
Dodge: Dodged            |    51 |    81 |   157 |   379 |    52 ||   720
Block: Shield            |       |       |       |   213 |    60 ||   273
